[Event "CZE-ch 2020"]
[Site "Pilsen"]
[Date "2020.08.27"]
[Round "5.21"]
[White "Gloser, David"]
[Black "Flajsman, Pavel"]
[Result "1-0"]
[ECO "B23"]
[WhiteElo "2248"]
[BlackElo "2184"]
[Annotator "ChessBase"]
[PlyCount "103"]
[EventDate "2020.08.23"]
[EventType "swiss"]
[EventCountry "CZE"]
[SourceTitle "playchess.com"]
[Source "ChessBase"]
[SourceQuality "1"]
[TimeControl "40/5400+30:1800+30"]

1. e4 c5 2. Nc3 Nc6 3. f4 g6 4. Nf3 Bg7 5. Bc4 e6 6. f5 Nh6 7. d3 gxf5 8. Bg5 Qa5 9. Bd2 O-O 10. O-O Nd4 11. Nh4 Ng4 12. exf5 Nf6 13. Ne4 Qd8 14. Ng3 d5 15. Bb3 b5 16. c3 Nxf5 17. Nhxf5 exf5 18. Nh5 Nxh5 19. Qxh5 c4 20. Bc2 Qb6+ 21. Kh1 Qg6 22. Qf3 Be6 23. d4 a5 24. Rae1 Ra7 25. Qf2 Kh8 26. Re3 Bf6 27. Rg3 Bh4 28. Rxg6 Bxf2 29. Rxe6 fxe6 30. Rxf2 Rg8 31. Rf3 Rg6 32. Bf4 Kg8 33. Bd1 a4 34. Bc1 Rag7 35. Rf2 Ra7 36. g3 Kf8 37. Bh5 Rf6 38. Bg5 Rg6 39. Bxg6 hxg6 40. Bc1 Kf7 41. Re2 Kf6 42. h4 Rh7 43. Kg2 Rh8 44. Bg5+ Kf7 45. a3 Rh7 46. Kf3 Rh8 47. Kf4 Rb8 48. Ke5 Rb6 49. Bf6 Ra6 50. Rh2 Ra8 51. h5 b4 52. h6 1-0

[Event "CZE-ch 2020"]
[Site "Pilsen"]
[Date "2020.08.27"]
[Round "5.22"]
[White "Novotny, Michal"]
[Black "Vojta, Jakub"]
[Result "1-0"]
[ECO "B34"]
[WhiteElo "2246"]
[BlackElo "2093"]
[Annotator "ChessBase"]
[PlyCount "87"]
[EventDate "2020.08.23"]
[EventType "swiss"]
[EventCountry "CZE"]
[SourceTitle "playchess.com"]
[Source "ChessBase"]
[SourceQuality "1"]
[TimeControl "40/5400+30:1800+30"]

1. e4 c5 2. Nf3 Nc6 3. d4 cxd4 4. Nxd4 Nf6 5. Nc3 e5 6. Ndb5 d6 7. a4 Be7 8. Bg5 a6 9. Bxf6 gxf6 10. Na3 f5 11. Qh5 Nd4 12. Bc4 O-O 13. O-O f4 14. Nd5 Kh8 15. c3 Ne6 16. a5 Ng7 17. Qd1 f5 18. f3 h5 19. Nb6 Rb8 20. Bd5 Ne6 21. Nac4 Ng5 22. Nxc8 Qxc8 23. Qd3 fxe4 24. Bxe4 Rg8 25. Kh1 Qf8 26. Bd5 Rg7 27. Nd2 h4 28. Ne4 h3 29. gxh3 Qf5 30. Rg1 Nxh3 31. Rxg7 Kxg7 32. Qc4 Qh5 33. Rf1 Qh8 34. Be6 Rd8 35. Qc7 Kf8 36. Qxb7 Qh6 37. Qd5 Qh4 38. Bf5 Qh6 39. b4 Rb8 40. c4 Rxb4 41. Qa8+ Kf7 42. Bd7 Bf8 43. Qe8+ Kg7 44. Bxh3 1-0

[Event "CZE-ch 2020"]
[Site "Pilsen"]
[Date "2020.08.27"]
[Round "5.23"]
[White "Kawulok, Marek"]
[Black "Brozka, Karel"]
[Result "1/2-1/2"]
[ECO "A05"]
[WhiteElo "2226"]
[BlackElo "1991"]
[Annotator "ChessBase"]
[PlyCount "78"]
[EventDate "2020.08.23"]
[EventType "swiss"]
[EventCountry "CZE"]
[SourceTitle "playchess.com"]
[Source "ChessBase"]
[SourceQuality "1"]
[TimeControl "40/5400+30:1800+30"]

1. Nf3 Nf6 2. g3 g6 3. b3 Bg7 4. Bb2 d6 5. Bg2 e5 6. d3 Nc6 7. O-O O-O 8. c4 h6 9. Nc3 Be6 10. Nd2 Qd7 11. Nd5 Bh3 12. f4 Bxg2 13. Kxg2 Nxd5 14. cxd5 Nb4 15. fxe5 Nxd5 16. Nc4 dxe5 17. Qd2 Nb6 18. Qa5 Nxc4 19. bxc4 b6 20. Qb5 Qe6 21. Qd5 Rfe8 22. Qb7 h5 23. Rf2 Rad8 24. Raf1 Rd7 25. Kg1 a5 26. c5 Qxa2 27. e4 Qe6 28. c6 Rd6 29. Rxf7 Rxc6 30. R1f2 b5 31. Qxb5 Rb6 32. Qxa5 Qxf7 33. Rxf7 Kxf7 34. Qd5+ Rbe6 35. Ba3 c6 36. Qd7+ Kg8 37. Kg2 Bf8 38. Bxf8 Kxf8 39. Kh3 R8e7 1/2-1/2

[Event "CZE-ch 2020"]
[Site "Pilsen"]
[Date "2020.08.27"]
[Round "5.24"]
[White "Nemec, Jachym"]
[Black "Jurek, Josef"]
[Result "1-0"]
[ECO "E12"]
[WhiteElo "2150"]
[BlackElo "2234"]
[Annotator "ChessBase"]
[PlyCount "81"]
[EventDate "2020.08.23"]
[EventType "swiss"]
[EventCountry "CZE"]
[SourceTitle "playchess.com"]
[Source "ChessBase"]
[SourceQuality "1"]
[TimeControl "40/5400+30:1800+30"]

1. d4 Nf6 2. Nf3 e6 3. c4 b6 4. a3 Bb7 5. Nc3 g6 6. Bg5 Bg7 7. Qc2 h6 8. Bh4 d6 9. e4 g5 10. Bg3 Nh5 11. O-O-O Nd7 12. Be2 Qe7 13. Ne1 Nxg3 14. hxg3 O-O-O 15. Qa4 Kb8 16. Nc2 c5 17. e5 dxe5 18. d5 e4 19. d6 Qf6 20. f3 Qe5 21. fxe4 Qxg3 22. Nb5 a6 23. Nc7 Qe5 24. Qb3 Ka7 25. Rh3 Nb8 26. Rhd3 Nc6 27. Bf3 Rd7 28. a4 Rhd8 29. Na3 Nd4 30. Qc3 Rxd6 31. a5 bxa5 32. R1d2 Rb6 33. Qxa5 Qxc7 34. Rxd4 Rc8 35. Rd7 Bxb2+ 36. Rxb2 Qf4+ 37. Rbd2 Rb3 38. Nb5+ Kb8 39. Rxb7+ Kxb7 40. e5+ Rxf3 41. Nd6+ 1-0

[Event "CZE-ch 2020"]
[Site "Pilsen"]
[Date "2020.08.27"]
[Round "5.25"]
[White "Riha, Vojtech"]
[Black "Jezek, Jan"]
[Result "1-0"]
[ECO "B06"]
[WhiteElo "2270"]
[BlackElo "2162"]
[Annotator "ChessBase"]
[PlyCount "63"]
[EventDate "2020.08.23"]
[EventType "swiss"]
[EventCountry "CZE"]
[SourceTitle "playchess.com"]
[Source "ChessBase"]
[SourceQuality "1"]
[TimeControl "40/5400+30:1800+30"]

1. e4 g6 2. d4 Bg7 3. Nc3 d6 4. f4 a6 5. Nf3 b5 6. Bd3 Nd7 7. a4 b4 8. Ne2 e6 9. O-O Ne7 10. Qe1 Rb8 11. f5 e5 12. Ng5 gxf5 13. exf5 h6 14. Ne4 Nf6 15. dxe5 dxe5 16. N2g3 Ned5 17. Nc5 Qd6 18. Nge4 Nxe4 19. Nxe4 Qb6+ 20. Kh1 Nf6 21. Qg3 Kf8 22. Be3 Nxe4 23. Bxe4 Qf6 24. Rad1 Bb7 25. Bc5+ Ke8 26. Qd3 Bc6 27. Rfe1 Bxa4 28. Bf3 Bb5 29. Qd5 Qxf5 30. Qc6+ Qd7 31. Rxd7 Bxc6 32. Bxc6 1-0

[Event "CZE-ch 2020"]
[Site "Pilsen"]
[Date "2020.08.27"]
[Round "5.26"]
[White "Jun, Rudolf"]
[Black "Toman, Ondrej"]
[Result "1-0"]
[ECO "B13"]
[WhiteElo "2094"]
[BlackElo "2233"]
[Annotator "ChessBase"]
[PlyCount "97"]
[EventDate "2020.08.23"]
[EventType "swiss"]
[EventCountry "CZE"]
[SourceTitle "playchess.com"]
[Source "ChessBase"]
[SourceQuality "1"]
[TimeControl "40/5400+30:1800+30"]

1. e4 c6 2. d4 d5 3. exd5 cxd5 4. c4 Nf6 5. Nc3 Nc6 6. c5 g6 7. Nf3 Bg7 8. Bb5 O-O 9. O-O Bg4 10. Bxc6 bxc6 11. h3 Bxf3 12. Qxf3 Nd7 13. Ne2 e5 14. Be3 Rb8 15. Rab1 Qa5 16. b4 Qa6 17. Rfe1 Rb7 18. Qg3 Qxa2 19. b5 Rxb5 20. Rxb5 cxb5 21. c6 Nb6 22. dxe5 Nc4 23. Bd4 Qa6 24. e6 Qxc6 25. Bxg7 Kxg7 26. Nd4 Qc5 27. Nf5+ Kg8 28. Nh6+ Kg7 29. Nf5+ Kg8 30. exf7+ Kxf7 31. Qh4 gxf5 32. Qxh7+ Kf6 33. Qh6+ Kf7 34. Re6 Ne5 35. Qf6+ Kg8 36. Qg5+ Kf7 37. Qxf5+ Kg8 38. Qg5+ Kf7 39. Qxe5 Qc1+ 40. Kh2 Qc7 41. Rf6+ Kg7 42. Qxc7+ Kxf6 43. Qd6+ Kg7 44. Qxd5 Kg6 45. Qxb5 Rf5 46. Qa6+ Kg5 47. Qxa7 Kh4 48. g3+ Kg5 49. Qg7+ 1-0

[Event "CZE-ch 2020"]
[Site "Pilsen"]
[Date "2020.08.27"]
[Round "5.27"]
[White "Malinovsky, Petr"]
[Black "Eret, Jonas"]
[Result "0-1"]
[ECO "A53"]
[WhiteElo "2081"]
[BlackElo "2219"]
[Annotator "ChessBase"]
[PlyCount "128"]
[EventDate "2020.08.23"]
[EventType "swiss"]
[EventCountry "CZE"]
[SourceTitle "playchess.com"]
[Source "ChessBase"]
[SourceQuality "1"]
[TimeControl "40/5400+30:1800+30"]

1. d4 Nf6 2. c4 d6 3. Nc3 Nbd7 4. e4 e5 5. d5 c6 6. Be3 Be7 7. f3 O-O 8. Qd2 Qc7 9. Bd3 Nc5 10. Bc2 a5 11. Nge2 Nfd7 12. Rd1 Rd8 13. O-O Nf8 14. f4 exf4 15. Nxf4 Nfd7 16. Nd3 Nxd3 17. Bxd3 Ne5 18. Qf2 Rf8 19. Bb6 Qb8 20. Bd4 Bg4 21. Be2 Bxe2 22. Qxe2 Ng6 23. Rf3 c5 24. Be3 Qd8 25. Rdf1 a4 26. Rh3 Bg5 27. Rf5 Bxe3+ 28. Qxe3 Re8 29. Qf3 Qd7 30. Qh5 h6 31. g4 Re5 32. Rhf3 Qe7 33. g5 Rxf5 34. Rxf5 Ne5 35. Qe2 hxg5 36. Kh1 g6 37. Rf2 Kg7 38. Rg2 g4 39. Nd1 f5 40. exf5 gxf5 41. Ne3 Qg5 42. Qf2 Rf8 43. Kg1 Nd3 44. Qd2 Nf4 45. Rg3 Nh3+ 46. Kh1 Qf4 47. Qg2 Kh7 48. Rxh3+ gxh3 49. Qxh3+ Qh6 50. Qf3 Qg5 51. h3 Qh4 52. Kh2 Qf6 53. Qe2 Qe5+ 54. Kh1 Qe4+ 55. Kh2 Qf4+ 56. Kh1 Qh4 57. Kh2 Kh6 58. Ng2 Qe4 59. Qf2 f4 60. Qh4+ Kg7 61. Qg4+ Qg6 62. Qd1 Qg3+ 63. Kh1 Qxh3+ 64. Kg1 f3 0-1

[Event "CZE-ch 2020"]
[Site "Pilsen"]
[Date "2020.08.27"]
[Round "5.28"]
[White "Frank, Adam"]
[Black "Nagy, Ladislav"]
[Result "1-0"]
[ECO "C99"]
[WhiteElo "2219"]
[BlackElo "2150"]
[Annotator "ChessBase"]
[PlyCount "137"]
[EventDate "2020.08.23"]
[EventType "swiss"]
[EventCountry "CZE"]
[SourceTitle "playchess.com"]
[Source "ChessBase"]
[SourceQuality "1"]
[TimeControl "40/5400+30:1800+30"]

1. e4 e5 2. Nf3 Nc6 3. Bb5 a6 4. Ba4 Nf6 5. O-O Be7 6. Re1 b5 7. Bb3 d6 8. c3 O-O 9. h3 Na5 10. Bc2 c5 11. d4 Qc7 12. Nbd2 cxd4 13. cxd4 Nc6 14. Nb3 a5 15. Be3 a4 16. Nbd2 Bd7 17. Rc1 Qb7 18. Nf1 Rfc8 19. Ng3 Bd8 20. Bb1 h6 21. Nh4 Ne7 22. Qf3 Rxc1 23. Rxc1 Rc8 24. Rd1 Qc7 25. Kh2 Be6 26. Nh5 Nxh5 27. Qxh5 Bd7 28. Rd3 Be8 29. Bxh6 gxh6 30. Qg4+ Kh7 31. Rg3 Ng6 32. Nxg6 fxg6 33. Rc3 Bc6 34. d5 Qd7 35. dxc6 Qxg4 36. hxg4 Bb6 37. Bd3 b4 38. Rc1 Rc7 39. Bb5 a3 40. bxa3 bxa3 41. f3 Kg7 42. Ba4 Bd4 43. Bb3 Kf6 44. Bd5 Ke7 45. Rc4 Bc5 46. Rc3 Kd8 47. Rb3 g5 48. Rb8+ Rc8 49. Rb7 Rc7 50. Rb3 Rc8 51. g3 Rc7 52. Kg2 Rc8 53. Kf1 Rc7 54. Ke2 Rc8 55. Kd3 Rc7 56. Kc4 Rc8 57. Rb1 Rc7 58. Rh1 Rh7 59. Be6 Kc7 60. Bd7 Rh8 61. Kd5 Rb8 62. Rxh6 Rb2 63. Rh8 Rxa2 64. Rc8+ Kb6 65. Rb8+ Kc7 66. Rb7+ Kd8 67. Ke6 Bb6 68. Rb8+ Kc7 69. Rc8# 1-0

[Event "CZE-ch 2020"]
[Site "Pilsen"]
[Date "2020.08.27"]
[Round "5.29"]
[White "Vorisek, Jakub"]
[Black "Laurincova, Kristyna"]
[Result "1/2-1/2"]
[ECO "B90"]
[WhiteElo "2205"]
[BlackElo "2008"]
[Annotator "ChessBase"]
[PlyCount "67"]
[EventDate "2020.08.23"]
[EventType "swiss"]
[EventCountry "CZE"]
[SourceTitle "playchess.com"]
[Source "ChessBase"]
[SourceQuality "1"]
[TimeControl "40/5400+30:1800+30"]

1. e4 c5 2. Nf3 d6 3. d4 cxd4 4. Nxd4 Nf6 5. Nc3 a6 6. a3 e5 7. Nf5 d5 8. Bg5 d4 9. Bxf6 gxf6 10. Ne2 Bxf5 11. exf5 Qa5+ 12. b4 Qc7 13. Qd2 Nd7 14. Ng3 Bh6 15. Qd3 Rc8 16. Ra2 Nb6 17. Be2 Nd5 18. O-O Nc3 19. Rb2 Rg8 20. Bf3 Kf8 21. Re1 b5 22. Ne4 Nxe4 23. Qxe4 Qc3 24. Ra2 Kg7 25. Rb1 Rgd8 26. Be2 Qc6 27. Qxc6 Rxc6 28. Bd3 Bd2 29. g3 Re8 30. f3 Rec8 31. Kf1 Rb8 32. Ke2 Bc3 33. g4 h6 34. h4 1/2-1/2

[Event "CZE-ch 2020"]
[Site "Pilsen"]
[Date "2020.08.27"]
[Round "5.30"]
[White "Janous, Marek"]
[Black "Novotny, Martin"]
[Result "1/2-1/2"]
[ECO "C02"]
[WhiteElo "1968"]
[BlackElo "2180"]
[Annotator "NA"]
[PlyCount "106"]
[EventDate "2020.08.23"]
[EventType "swiss"]
[EventCountry "CZE"]
[SourceTitle "playchess.com"]
[Source "ChessBase"]
[SourceQuality "1"]
[TimeControl "40/5400+30:1800+30"]

1. e4 e6 2. d4 d5 3. e5 c5 4. c3 Qb6 5. Nf3 Nc6 6. Be2 cxd4 7. cxd4 Nh6 8. Nc3 Nf5 9. Kf1 Bd7 10. Na4 Qa5 11. Bd2 {[%emt 0:03:14] C02: French: Advance Variation.} Bb4 12. Bxb4 Qxb4 13. a3 Qe7 14. Rc1 Rc8 {[%emt 0:03:22] [#]} 15. b4 $146 ({Predecessor:} 15. g3 O-O 16. Kg2 f6 17. Re1 fxe5 18. dxe5 Na5 19. Rxc8 Rxc8 20. Bd3 g6 21. Nc3 {½-½ (29) Paulovic,M (2240)-Blecha,M Czechia 1999}) 15... O-O 16. Nc5 b6 17. Nxd7 Qxd7 18. Bb5 Qb7 19. g3 Nb8 (19... a6 $5 20. Be2 f6 $11) 20. Kg2 Rxc1 21. Qxc1 Rc8 22. Qd2 Qc7 23. Rd1 Qc3 24. Qxc3 Rxc3 25. Rd3 Rc1 26. Rb3 Nc6 27. Rd3 Kf8 28. Bxc6 Rxc6 29. Nd2 Ke8 30. g4 Ne7 31. f4 Kd7 32. Kg3 Rc2 33. b5 Kc7 34. h4 Kb7 (34... Rb2 $17 35. Nf3 h6 36. Rc3+ Kd7) 35. Nf3 h6 36. Rb3 (36. h5 $15) 36... a6 37. bxa6+ Kxa6 38. h5 Rc1 39. Rd3 Ka5 40. Kf2 Ka4 41. Kg3 Rc2 42. Re3 g6 43. hxg6 fxg6 44. Nh4 Ra2 45. f5 gxf5 46. gxf5 exf5 47. Kf4 $11 Rf2+ 48. Nf3 Kb5 49. Rb3+ Kc6 50. Rc3+ Kd7 51. Kg3 Re2 52. Rb3 Kc6 53. Rc3+ Kd7 1/2-1/2

[Event "CZE-ch 2020"]
[Site "Pilsen"]
[Date "2020.08.27"]
[Round "5.31"]
[White "Pokrupa, Marek"]
[Black "Hlozek, David"]
[Result "0-1"]
[ECO "B20"]
[WhiteElo "2164"]
[BlackElo "2037"]
[Annotator "ChessBase"]
[PlyCount "92"]
[EventDate "2020.08.23"]
[EventType "swiss"]
[EventCountry "CZE"]
[SourceTitle "playchess.com"]
[Source "ChessBase"]
[SourceQuality "1"]
[TimeControl "40/5400+30:1800+30"]

1. e4 c5 2. g3 d6 3. Bg2 Nf6 4. Ne2 g6 5. O-O Bg7 6. d4 cxd4 7. Nxd4 O-O 8. c4 a6 9. Nc3 Qc7 10. Qe2 Nc6 11. Nc2 Bd7 12. a4 Na5 13. Ne3 Be6 14. Ned5 Bxd5 15. cxd5 Nb3 16. Ra3 Nxc1 17. Rxc1 Nd7 18. a5 b6 19. axb6 Qxb6 20. Na4 Qb7 21. Bh3 Rfb8 22. Bxd7 Qxd7 23. Rc6 Qb7 24. Qc2 Qb4 25. Rc4 Qe1+ 26. Kg2 Bf6 27. Re3 Qa5 28. Rb3 Kg7 29. h3 Rb5 30. Nc3 Rc5 31. Rxc5 Qxc5 32. Qd3 a5 33. Na4 Qc1 34. Nb6 Rb8 35. Nc4 Rc8 36. Nxa5 Rc2 37. Nc6 Rxb2 38. Qb5 Rd2 39. Qb4 Rd1 40. Re3 Rg1+ 41. Kf3 Qf1 42. h4 Qg2+ 43. Ke2 Rf1 44. Rf3 Rc1 45. Rf4 Qf1+ 46. Ke3 Re1+ 0-1

[Event "CZE-ch 2020"]
[Site "Pilsen"]
[Date "2020.08.27"]
[Round "5.32"]
[White "Folk, Petr"]
[Black "Simek, Petr"]
[Result "1/2-1/2"]
[ECO "B33"]
[WhiteElo "2122"]
[BlackElo "2324"]
[Annotator "ChessBase"]
[PlyCount "92"]
[EventDate "2020.08.23"]
[EventType "swiss"]
[EventCountry "CZE"]
[SourceTitle "playchess.com"]
[Source "ChessBase"]
[SourceQuality "1"]
[TimeControl "40/5400+30:1800+30"]

1. e4 c5 2. Nf3 Nc6 3. d4 cxd4 4. Nxd4 Nf6 5. Nc3 e5 6. Ndb5 d6 7. Bg5 a6 8. Na3 b5 9. Nd5 Be7 10. Bxf6 Bxf6 11. c4 b4 12. Nc2 O-O 13. g3 a5 14. b3 g6 15. Bg2 Bg7 16. O-O Be6 17. Qd2 Ra7 18. a3 bxa3 19. Rxa3 Qb8 20. Nc3 Rc8 21. Nb5 Rd7 22. Rd1 Bf8 23. Raa1 Be7 24. h4 Kg7 25. Kh2 Rf8 26. Ne3 Qb6 27. Nd5 Bxd5 28. Qxd5 Nb4 29. Qd2 f5 30. Nc3 Rdd8 31. Rf1 f4 32. Bh3 Rf6 33. Na4 Qa7 34. Nb2 Qb6 35. Na4 Qc7 36. Nc3 Rdf8 37. Nd5 Nxd5 38. Qxd5 Qb6 39. c5 dxc5 40. Qxe5 Bd6 41. Qc3 Qb4 42. Qxb4 axb4 43. Rad1 fxg3+ 44. fxg3 Rxf1 45. Rxf1 Rxf1 46. Bxf1 h5 1/2-1/2

[Event "CZE-ch 2020"]
[Site "Pilsen"]
[Date "2020.08.27"]
[Round "5.33"]
[White "Pychova, Nela"]
[Black "Kopriva, Martin"]
[Result "1-0"]
[ECO "A10"]
[WhiteElo "2159"]
[BlackElo "2079"]
[Annotator "ChessBase"]
[PlyCount "109"]
[EventDate "2020.08.23"]
[EventType "swiss"]
[EventCountry "CZE"]
[SourceTitle "playchess.com"]
[Source "ChessBase"]
[SourceQuality "1"]
[TimeControl "40/5400+30:1800+30"]

1. c4 g6 2. Nc3 Bg7 3. g3 c5 4. Bg2 d6 5. Nf3 Nc6 6. O-O Nf6 7. a3 O-O 8. Rb1 a5 9. d3 h6 10. Ne1 Ne8 11. Bd2 e5 12. Nc2 f5 13. b4 axb4 14. axb4 Nc7 15. bxc5 dxc5 16. Nd5 Kh7 17. Nb6 Ra6 18. Nxc8 Qxc8 19. Bc3 Ne8 20. Qc1 Rf7 21. Qb2 Qc7 22. Ne3 Qd6 23. Nd5 Nf6 24. Ra1 Rxa1 25. Rxa1 Nxd5 26. Bxd5 Re7 27. Ra8 Bf6 28. Qb6 e4 29. Bxf6 Qxf6 30. dxe4 fxe4 31. Bxc6 e3 32. f4 bxc6 33. Ra7 Qf7 34. Rxe7 Qxe7 35. Qxc6 Qd8 36. Kg2 Qe7 37. Kf3 Qa7 38. Kxe3 Qa1 39. Qd7+ Kg8 40. Qc8+ Kh7 41. Qc7+ Kg8 42. Qd8+ Kg7 43. Qe7+ Kg8 44. Qe6+ Kh7 45. Qf7+ Kh8 46. Qxg6 Qc1+ 47. Kf2 Qxc4 48. Qxh6+ Kg8 49. Qg6+ Kf8 50. Qf6+ Kg8 51. h4 Qa4 52. h5 Qa7 53. h6 c4+ 54. Ke1 Qa1+ 55. Qxa1 1-0

[Event "CZE-ch 2020"]
[Site "Pilsen"]
[Date "2020.08.27"]
[Round "5.34"]
[White "Smolik, Jachym"]
[Black "Taus, Martin"]
[Result "1-0"]
[ECO "A40"]
[WhiteElo "2121"]
[BlackElo "2142"]
[Annotator "ChessBase"]
[PlyCount "91"]
[EventDate "2020.08.23"]
[EventType "swiss"]
[EventCountry "CZE"]
[SourceTitle "playchess.com"]
[Source "ChessBase"]
[SourceQuality "1"]
[TimeControl "40/5400+30:1800+30"]

1. d4 e6 2. Nf3 f5 3. e3 Nf6 4. Bd3 b6 5. O-O Bb7 6. b3 Bd6 7. Ba3 c5 8. dxc5 bxc5 9. Be2 Ne4 10. Bb2 O-O 11. Nc3 Qb6 12. Nxe4 fxe4 13. Nd2 Qc7 14. h3 Be7 15. Bg4 Bf6 16. Bxf6 Rxf6 17. c4 d5 18. Qc2 Nd7 19. cxd5 exd5 20. Bxd7 Qxd7 21. Qxc5 Ba6 22. Rfd1 Qf7 23. f4 Rc8 24. Qd4 Rfc6 25. b4 Be2 26. Re1 Bd3 27. Nb3 Rc4 28. Rac1 Qb7 29. Qe5 Rxc1 30. Rxc1 Rxc1+ 31. Nxc1 Qc6 32. Qb8+ Kf7 33. Qxa7+ Kg6 34. Qc5 Qa4 35. Qd6+ Kf7 36. Qxd5+ Ke7 37. Qc5+ Kf7 38. Nxd3 Qd1+ 39. Ne1 Qxe1+ 40. Kh2 g6 41. Qd5+ Kf6 42. Qxe4 h5 43. Qe5+ Kf7 44. f5 g5 45. Qe6+ Kf8 46. Qf6+ 1-0

[Event "CZE-ch 2020"]
[Site "Pilsen"]
[Date "2020.08.27"]
[Round "5.35"]
[White "Koubova, Anna Marie"]
[Black "Babula ml., Vlastimil"]
[Result "1-0"]
[ECO "E98"]
[WhiteElo "2099"]
[BlackElo "2138"]
[Annotator "ChessBase"]
[PlyCount "143"]
[EventDate "2020.08.23"]
[EventType "swiss"]
[EventCountry "CZE"]
[SourceTitle "playchess.com"]
[Source "ChessBase"]
[SourceQuality "1"]
[TimeControl "40/5400+30:1800+30"]

1. d4 Nf6 2. c4 g6 3. Nc3 Bg7 4. Nf3 O-O 5. e4 d6 6. Be2 e5 7. O-O Nc6 8. d5 Ne7 9. Ne1 Nd7 10. Nd3 f5 11. Bd2 Nf6 12. f3 f4 13. c5 g5 14. Rc1 Ng6 15. cxd6 cxd6 16. Nb5 Rf7 17. Qc2 Ne8 18. a4 Bf8 19. Nf2 h5 20. h3 Bd7 21. Qb3 Nh4 22. Rc2 a6 23. Na3 Nf6 24. Be1 Rg7 25. Nc4 b5 26. axb5 axb5 27. Na3 Qe8 28. Rc7 Nxg2 29. Rxd7 Qxd7 30. Kxg2 Rb8 31. Bxb5 g4 32. Bxd7 gxf3+ 33. Kh1 Rxb3 34. Be6+ Kh8 35. Bc3 Ra7 36. Nc4 Ra4 37. Nd2 Rb7 38. Rg1 Bg7 39. Bf5 Kg8 40. Nxf3 Kf8 41. Ng5 Kg8 42. Ne6 Kh8 43. Rg6 Ne8 44. h4 Ra1+ 45. Kg2 Rc1 46. Rg5 Nf6 47. Nd8 Ra7 48. Bg6 Rc2 49. Bf5 Kg8 50. Nc6 Ra1 51. Nb4 Rcc1 52. Kf3 Rg1 53. Rxg1 Rxg1 54. Nc6 Ng4 55. Bb4 Rf1 56. Bxg4 hxg4+ 57. Kg2 Rb1 58. Nxg4 Rxb2+ 59. Kf3 Rb3+ 60. Kf2 Bf8 61. Nf6+ Kf7 62. Nd7 Be7 63. Ndxe5+ dxe5 64. Bxe7 Rb2+ 65. Kf1 Rb1+ 66. Kf2 Rb2+ 67. Kf3 Rb3+ 68. Kg4 Rg3+ 69. Kf5 f3 70. Bc5 Rh3 71. Nxe5+ Ke8 72. d6 1-0

[Event "CZE-ch 2020"]
[Site "Pilsen"]
[Date "2020.08.27"]
[Round "5.36"]
[White "Bartos, Jan"]
[Black "Benes, Miroslav"]
[Result "1-0"]
[ECO "D02"]
[WhiteElo "2131"]
[BlackElo "2011"]
[Annotator "ChessBase"]
[PlyCount "109"]
[EventDate "2020.08.23"]
[EventType "swiss"]
[EventCountry "CZE"]
[SourceTitle "playchess.com"]
[Source "ChessBase"]
[SourceQuality "1"]
[TimeControl "40/5400+30:1800+30"]

1. d4 d5 2. Nf3 c5 3. c4 cxd4 4. cxd5 Qxd5 5. Nc3 Qa5 6. Nxd4 Nf6 7. Nb3 Qh5 8. f3 Nc6 9. e4 Bd7 10. Be3 e6 11. Qd2 Bb4 12. O-O-O O-O 13. g4 Qe5 14. Bf4 Nxe4 15. fxe4 Bxc3 16. bxc3 Qxe4 17. Bd3 Qa4 18. Kb2 e5 19. Nc5 Qxf4 20. Qxf4 exf4 21. Nxd7 Rfd8 22. Be4 Na5 23. Rd4 Re8 24. Rhd1 Rac8 25. Bd5 Nc6 26. Bxc6 Rxc6 27. Ne5 Rce6 28. Nf3 Re2+ 29. R1d2 h6 30. Rxf4 Rxd2+ 31. Nxd2 Re2 32. Rd4 Rxh2 33. Kb3 h5 34. Nf3 Rh1 35. Rd8+ Kh7 36. gxh5 Rxh5 37. Nd4 Rh6 38. Rd7 Rb6+ 39. Kc4 Kg6 40. Nb5 f5 41. Nd6 Ra6 42. Ne8 Rxa2 43. Rxg7+ Kh5 44. Nf6+ Kh4 45. Rxb7 Kg3 46. Nd5 Kf3 47. Rf7 Ke4 48. Re7+ Kf3 49. Kb5 Rd2 50. c4 a6+ 51. Kxa6 Kg3 52. Kb5 f4 53. Rg7+ Kf3 54. Rf7 Rd4 55. Rxf4+ 1-0

[Event "CZE-ch 2020"]
[Site "Pilsen"]
[Date "2020.08.27"]
[Round "5.37"]
[White "Joukl, Zdenek"]
[Black "Placer, Sebastian"]
[Result "1/2-1/2"]
[ECO "C00"]
[WhiteElo "2062"]
[BlackElo "2097"]
[Annotator "ChessBase"]
[PlyCount "142"]
[EventDate "2020.08.23"]
[EventType "swiss"]
[EventCountry "CZE"]
[SourceTitle "playchess.com"]
[Source "ChessBase"]
[SourceQuality "1"]
[TimeControl "40/5400+30:1800+30"]

1. e4 e6 2. d3 d5 3. Nd2 Nf6 4. Ngf3 c5 5. c3 Nc6 6. Be2 Be7 7. O-O O-O 8. Qc2 Qc7 9. b3 b6 10. Re1 Bb7 11. Bb2 Rac8 12. Rac1 Rfd8 13. Bf1 Nd7 14. exd5 exd5 15. d4 cxd4 16. cxd4 Qd6 17. Qf5 g6 18. Qg4 Bf6 19. h4 Nf8 20. h5 Rc7 21. hxg6 hxg6 22. Bd3 Bc8 23. Qg3 Qxg3 24. fxg3 Ne6 25. Ne5 Nxe5 26. dxe5 Bg5 27. Rxc7 Nxc7 28. Nf3 Be7 29. Kf1 Ne6 30. Nd4 Bd7 31. Rc1 Nc5 32. Bb1 Bg5 33. Re1 Re8 34. Nf3 Bb5+ 35. Kf2 Bh6 36. Bd4 Ne6 37. Bb2 Bf8 38. g4 Bc5+ 39. Kg3 Rc8 40. Rc1 Rd8 41. Rd1 Kf8 42. Nd4 Bd7 43. Nxe6+ Bxe6 44. Bd3 Rc8 45. Kf3 Be7 46. Rc1 Bg5 47. Rxc8+ Bxc8 48. Ba3+ Ke8 49. Bd6 Kd7 50. Ba3 Ke6 51. Bb2 Bd8 52. Kf4 Bc7 53. g5 Kd7 54. Bb5+ Ke7 55. Bc6 Ke6 56. Bd4 Bd7 57. Bb7 Bb8 58. a3 Bc7 59. Bc3 Bd8 60. Ke3 Bxg5+ 61. Kd4 Bh4 62. Bxd5+ Ke7 63. Bb4+ Ke8 64. Bd2 Be7 65. b4 Bb5 66. Bf3 Kd7 67. Bg4+ Kc6 68. Bf3+ Kd7 69. Bg4+ Kc6 70. Bf3+ Kd7 71. Bg4+ Kc6 1/2-1/2

[Event "CZE-ch 2020"]
[Site "Pilsen"]
[Date "2020.08.28"]
[Round "6.2"]
[White "Hollan, Martin"]
[Black "Stocek, Jiri"]
[Result "0-1"]
[ECO "A20"]
[WhiteElo "2346"]
[BlackElo "2595"]
[Annotator "ChessBase"]
[PlyCount "40"]
[EventDate "2020.08.23"]
[EventType "swiss"]
[EventCountry "CZE"]
[SourceTitle "playchess.com"]
[Source "ChessBase"]
[SourceQuality "1"]
[TimeControl "40/5400+30:1800+30"]

1. c4 e5 2. d3 Bb4+ 3. Nd2 a5 4. Ngf3 d6 5. d4 exd4 6. Nxd4 Nf6 7. a3 Bc5 8. N2f3 a4 9. Bg5 c6 10. e3 Nbd7 11. Bd3 Ne5 12. Nxe5 dxe5 13. Ne2 Bg4 14. Bxf6 Qxf6 15. h3 Bxe2 16. Qxe2 O-O 17. O-O Qe6 18. Qf3 g6 19. g4 Rad8 20. Rad1 Rxd3 0-1

[Event "CZE-ch 2020"]
[Site "Pilsen"]
[Date "2020.08.28"]
[Round "6.3"]
[White "Michalik, Peter"]
[Black "Hracek, Zbynek"]
[Result "1/2-1/2"]
[ECO "D02"]
[WhiteElo "2593"]
[BlackElo "2563"]
[Annotator "ChessBase"]
[PlyCount "69"]
[EventDate "2020.08.23"]
[EventType "swiss"]
[EventCountry "CZE"]
[SourceTitle "playchess.com"]
[Source "ChessBase"]
[SourceQuality "1"]
[TimeControl "40/5400+30:1800+30"]

1. d4 d5 2. Nf3 Nf6 3. Bf4 c5 4. e3 Nc6 5. Nbd2 Bg4 6. h3 Bxf3 7. Nxf3 e6 8. Be2 cxd4 9. exd4 Bd6 10. Bg5 h6 11. Be3 Rb8 12. a4 a6 13. c3 O-O 14. O-O Qc7 15. Nd2 b5 16. axb5 axb5 17. b4 e5 18. Nb3 Ne4 19. Rc1 exd4 20. Nxd4 Nxd4 21. Bxd4 Bh2+ 22. Kh1 Be5 23. Bf3 Rfe8 24. Re1 Bxd4 25. Qxd4 Qe5 26. Kg1 Qxd4 27. cxd4 Rbc8 28. Rxc8 Rxc8 29. Bxe4 dxe4 30. Rxe4 Rc4 31. Re8+ Kh7 32. d5 Rxb4 33. d6 Rd4 34. Rb8 Rxd6 35. Rxb5 1/2-1/2

[Event "CZE-ch 2020"]
[Site "Pilsen"]
[Date "2020.08.28"]
[Round "6.4"]
[White "Sorm, Daniel"]
[Black "Babula, Vlastimil"]
[Result "1/2-1/2"]
[ECO "E20"]
[WhiteElo "2343"]
[BlackElo "2571"]
[Annotator "ChessBase"]
[PlyCount "51"]
[EventDate "2020.08.23"]
[EventType "swiss"]
[EventCountry "CZE"]
[SourceTitle "playchess.com"]
[Source "ChessBase"]
[SourceQuality "1"]
[TimeControl "40/5400+30:1800+30"]

1. d4 Nf6 2. c4 e6 3. Nc3 Bb4 4. f3 d5 5. a3 Bxc3+ 6. bxc3 O-O 7. cxd5 exd5 8. e3 Nh5 9. g3 Re8 10. Bd3 c5 11. Qc2 g6 12. Qf2 b6 13. Ne2 Ba6 14. Bxa6 Nxa6 15. g4 Ng7 16. O-O f5 17. gxf5 Nxf5 18. e4 dxe4 19. fxe4 Rxe4 20. Ng3 Rg4 21. Qe2 h5 22. Qe6+ Kg7 23. Qe5+ Kg8 24. Qe6+ Kg7 25. Qe5+ Kg8 26. Qe6+ 1/2-1/2